 Dungeon Crawl Stone Soup version 0.27-a0-417-g317cea8a3c (webtiles) character file.

Game seed: 2209921073986649881

463 rednaxela the Vexing (level 6, -4/28 HPs)
             Began as a Spriggan Enchanter on Feb 25, 2021.
             Was an Initiate of Sif Muna.
             Killed by divine providence
             ... invoked by an orc priest
              (12 damage)
             ... on level 4 of the Dungeon.
             The game lasted 00:16:00 (5900 turns).

rednaxela the Vexing (Spriggan Enchanter)           Turns: 5900, Time: 00:16:00

Health: -4/28      AC:  4    Str:  4    XL:     6   Next: 79%
Magic:  7/16       EV: 18    Int: 18    God:    Sif Muna [......]
Gold:   128        SH:  0    Dex: 16    Spells: 9/18 levels left

rFire    . . .     SeeInvis +   a - +3 short sword
rCold    . . .     Faith    .   (shield restricted)
rNeg     . . .     Spirit   .   l - +0 robe
rPois    .         Reflect  .   (helmet restricted)
rElec    .         Harm     .   j - +1 cloak
rCorr    .         Rampage  .   (gloves unavailable)
Will     +....                  (boots unavailable)
Stlth    +++.......             (no amulet)
HPRegen  0.09/turn              (no ring)
MPRegen  0.15/turn              (no ring)

@: confusing touch, very quick
A: very small, unfitting armour, see invisible, speed 3
a: Renounce Religion


You were on level 4 of the Dungeon.
You worshipped Sif Muna.
Sif Muna was noncommittal.
You visited 2 branches of the dungeon, and saw 5 of its levels.

You collected 128 gold pieces.

Inventory:

Hand Weapons
 a - a +3 short sword (weapon)
   (You took it off a kobold on level 1 of the Dungeon)
 b - a +0 hunting sling
   (You took it off a goblin on level 3 of the Dungeon)
Missiles
 m - 84 stones
Armour
 j - a +1 cloak (worn)
   (You found it on level 1 of the Dungeon)
 l - a +0 robe (worn)
Jewellery
 e - a ring of flight
   (You found it on level 1 of the Dungeon)
 n - a +6 ring of intelligence
   (You found it on level 4 of the Dungeon)
Wands
 f - a wand of random effects (8)
   (You took it off Jessica on level 2 of the Dungeon)
Scrolls
 d - a scroll of amnesia {unknown}
 g - a scroll of fog {unknown}
 i - a scroll of identify {unknown}
 p - 2 scrolls of enchant armour {unknown}
 q - a scroll of immolation {unknown}
Potions
 c - a potion of cancellation {unknown}
 h - a potion of haste {unknown}
 k - 2 potions of curing {unknown}
 o - a potion of lignification {unknown}


   Skills:
 - Level 1.1 Short Blades
 - Level 2.6 Dodging
 - Level 4.4 Stealth
 + Level 6.6 Spellcasting
 + Level 7.0 Hexes


You had 9 spell levels left.
You knew the following spells:

 Your Spells              Type           Power        Failure   Level
a - Corona                Hex            34%          1%          1
b - Ensorcelled Hibernat  Hex/Ice        36%          4%          2
c - Confusing Touch       Hex            31%          1%          3
d - Tukima's Dance        Hex            31%          1%          3

Your spell library contained the following spells:

 Spells                   Type           Power        Failure   Level
 Dazzling Flash           Conj/Hex       36%          8%          3


Dungeon Overview and Level Annotations

Branches:
Dungeon (4/15)             Temple (1/1) D:4

Altars:
Ashenzari
Dithmenos
Elyvilon
Fedhas
Gozag
Hepliaklqana
Kikubaaqudgha
Makhleb
Nemelex Xobeh
Okawaru
Ru
Sif Muna
Trog
Uskayaw
Wu Jian
Xom
Zin


Innate Abilities, Weirdness & Mutations

You are very small and have problems with some larger weapons.
You are too small for most types of armour.
You have supernaturally acute eyesight. (SInv)
You cover ground extremely quickly.


Message History

An orc comes into view.
There is a stone staircase leading up here.
Casting: Confusing Touch (safe; 1% risk of failure)
Confirm with . or Enter, or press ? or * to list all spells.
Aiming: Tukima's Dance (safe; 1% risk of failure)
Press: ? - help, Shift-Dir - straight line, f - orc
Aim: an orc, wielding a +0 short sword and wearing a +0 scale mail of positive energy (chance to affect: 84%)
The +0 short sword dances into the air!
Casting: Tukima's Dance (safe; 1% risk of failure)
Confirm with . or Enter, or press ? or * to list all spells.
Aiming: Ensorcelled Hibernation (safe; 4% risk of failure)
Press: ? - help, Shift-Dir - straight line, f/p - orc
Aim: an orc, wearing a +0 scale mail of positive energy (ally target, chance to affect: 66%)
The orc looks drowsy...
Your +0 short sword hits the orc but does no damage.
The orc shouts!
You hear a shout! x2
An orc comes into view. It is wielding a +1 mace of protection.
The orc closely misses you.
Your +0 short sword hits the orc but does no damage.
You closely miss the orc. The orc closely misses you. The orc hits you.
Your +0 short sword hits the orc.
There is a stone staircase leading up here.
You hit the orc.
The orc is heavily wounded.
The orc hits you.
Your +0 short sword hits the orc.
You closely miss the orc.
The orc is almost dead.
An orc priest comes into view. It is wielding a +0 mace.
The orc hits you. The orc misses you.
You hit the orc.
The orc is almost dead.
Your +0 short sword closely misses the orc.
The orc misses you. The orc closely misses you. The orc hits you.
* * * LOW HITPOINT WARNING * * *
Your +0 short sword hits the orc.
The orc dies!
There is a stone staircase leading up here.
The orc barely misses you.
Your +0 short sword hits the orc.
You climb upwards.
There is a stone staircase leading down here.
The orc completely misses you.
Casting: Ensorcelled Hibernation (safe; 4% risk of failure)
Confirm with . or Enter, or press ? or * to list all spells.
Aiming: Ensorcelled Hibernation (safe; 4% risk of failure)
Press: ? - help, Shift-Dir - straight line, f - orc
Aim: an orc, wearing a +0 leather armour (heavily wounded, chance to affect: 66%)
The orc looks drowsy...
The helpless orc fails to defend itself.
You puncture the orc!
You kill the orc!
Casting: Ensorcelled Hibernation (safe; 4% risk of failure)
Confirm with . or Enter, or press ? or * to list all spells.
Aiming: Ensorcelled Hibernation (safe; 4% risk of failure)
Press: ? - help, Shift-Dir - straight line, f - orc
Aim: an orc, wielding a +1 mace of protection (lightly wounded, chance to affect: 66%)
The orc looks drowsy...
The helpless orc fails to defend itself.
You puncture the orc!
You kill the orc!
Things that are here:
a +1 mace of protection; an orc corpse
Things that are here:
a +0 leather armour; an orc corpse You start resting.
Magic restored.
HP restored.
There is a stone staircase leading down here.
You climb downwards.
There is a stone staircase leading up here.
Casting: Ensorcelled Hibernation (safe; 4% risk of failure)
Confirm with . or Enter, or press ? or * to list all spells.
Aiming: Ensorcelled Hibernation (safe; 4% risk of failure)
Press: ? - help, Shift-Dir - straight line, f - orc priest
Aim: an orc priest, wielding a +0 mace (chance to affect: 49%)
The orc priest resists with some effort.
The orc priest barely misses you.
Casting: Ensorcelled Hibernation (safe; 4% risk of failure)
Confirm with . or Enter, or press ? or * to list all spells.
Aiming: Ensorcelled Hibernation (safe; 4% risk of failure)
Press: ? - help, Shift-Dir - straight line, f/p - orc priest
Aim: an orc priest, wielding a +0 mace (chance to affect: 49%)
The orc priest resists with some effort.
The orc priest mumbles some strange prayers to Beogh against you.
Beogh smites you!
* * * LOW HITPOINT WARNING * * *
Casting: Ensorcelled Hibernation (safe; 4% risk of failure)
Confirm with . or Enter, or press ? or * to list all spells.
Aiming: Ensorcelled Hibernation (safe; 4% risk of failure)
Press: ? - help, Shift-Dir - straight line, f/p - orc priest
Aim: an orc priest, wielding a +0 mace (chance to affect: 49%)
The orc priest resists with some effort.
The orc priest hits you with a +0 mace!
* * * LOW HITPOINT WARNING * * *
Casting: Ensorcelled Hibernation (safe; 4% risk of failure)
Confirm with . or Enter, or press ? or * to list all spells.
Your hands begin to glow red.
The orc priest calls down the wrath of Beogh upon you.
Beogh smites you!
You die...

..###....
.........
#....... ..
#.....##... #
#$.....#.#
#.####.........
#...........##..
#..)........
##@o....#..
#.[...##
#..........#
#..........#
....#.......#
#...##....###
... ...... ..
..#..### ...####


You could see an orc priest.

Vanquished Creatures
  Sigmund (D:3)
  A howler monkey (D:4)
  A centaur skeleton (D:4)
  Jessica (D:2)
  A worker ant (D:3)
  Robin (D:2)
  3 gnolls (D:3)
  5 adders
  An ooze (D:2)
  An adder skeleton (D:3)
  3 worms
  3 dart slugs
  5 leopard geckos
  3 orcs (D:3)
  17 goblins
  12 hobgoblins
  5 jackals
  5 kobolds
  4 bats (D:2)
  2 frilled lizards
  6 rats
81 creatures vanquished.

Vanquished Creatures (collateral kills)
  An orc (D:4)
1 creature vanquished.

Vanquished Creatures (others)
  A goblin (D:3)
  A hobgoblin (D:3)
  7 plants
9 creatures vanquished.

Grand Total: 91 creatures vanquished

Notes
Turn   | Place    | Note
-------+----------+-------------------------------------------
     0 | D:1      | rednaxela the Spriggan Enchanter began the quest for the
                  | Orb.
     0 | D:1      | Reached XP level 1. HP: 9/9 MP: 5/5
   109 | D:1      | Reached skill level 3 in Spellcasting
   472 | D:1      | Reached skill level 4 in Hexes
   498 | D:1      | Reached XP level 2. HP: 13/13 MP: 7/7
   998 | D:2      | Learned a level 2 spell: Ensorcelled Hibernation
  1621 | D:1      | Reached XP level 3. HP: 6/16 MP: 6/9
  2363 | D:2      | Noticed Jessica
  2366 | D:2      | Reached skill level 4 in Spellcasting
  2404 | D:2      | Killed Jessica
  2405 | D:2      | Reached skill level 5 in Hexes
  2405 | D:2      | Reached XP level 4. HP: 14/21 MP: 2/11
  2695 | D:2      | Found an iron altar of Okawaru.
  2948 | D:2      | Upgraded the game from 0.27-a0-416-gca2cecf3c0 to
                  | 0.27-a0-417-g317cea8a3c
  2997 | D:3      | Noticed Robin
  3131 | D:2      | Killed Robin
  3132 | D:2      | Reached XP level 5. HP: 23/24 MP: 8/13
  3366 | D:3      | Reached skill level 5 in Spellcasting
  3603 | D:4      | Found a staircase to the Ecumenical Temple.
  3614 | Temple   | Entered the Ecumenical Temple
  3860 | Temple   | Became a worshipper of Sif Muna the Loreminder
  4105 | D:2      | Learned a level 3 spell: Confusing Touch
  4109 | D:2      | Learned a level 3 spell: Tukima's Dance
  4375 | D:3      | Reached skill level 6 in Hexes
  4785 | D:3      | Noticed Sigmund
  5278 | D:3      | Found a blossoming altar of Fedhas.
  5278 | D:3      | Found an ancient bone altar of Kikubaaqudgha.
  5444 | D:3      | Killed Sigmund
  5445 | D:3      | Reached skill level 6 in Spellcasting
  5445 | D:3      | Reached XP level 6. HP: 24/28 MP: 2/16
  5603 | D:4      | Reached skill level 7 in Hexes
  5900 | D:4      | Killed from afar by an orc priest

Illustrated notes

Levels and vault maps discovered:
D:1:      dpeg_arrival_brainrot, layout_basic, serial_forest,
          infiniplex_forest_straight_5, infiniplex_forest_straight_1,
          infiniplex_forest_lined_room_3, infiniplex_forest_clump_large,
          infiniplex_forest_straight_3, infiniplex_forest_clump_cross,
          infiniplex_forest_lined_room_3, infiniplex_forest_lined_4_way,
          infiniplex_forest_clump_tiny
D:2:      layout_loops_ring, general_overflow_altar, minmay_tiny_reverse_x,
          uniq_jessica
D:3:      layout_loops_corners, grunt_temple_overflow_growth_and_decay,
          lemuel_flame_loot_1, uniq_robin, uniq_sigmund
D:4:      minmay_chambers_of_twos, layout_cave_pools, lemuel_crystal_altar,
          cheibriados_altar_1, minmay_temple_entry_junction, serial_shops, shop
Temple:   eino_temple_water

Skill      XL: |  1  2  3  4  5  6 |
---------------+-------------------+-----
Spellcasting   | 3 4 6 |  6.6
Hexes          | 4 5 6 7 |  7.0
Short Blades   | |  1.1
Dodging        | |  2.6
Stealth        | |  4.4

Action                   |  1- 3 |  4- 6 || total
-------------------------+-------+-------++-------
Melee: Dagger            |    22 |       ||    22
       Short sword       |   103 |   106 ||   209
 Fire: Hunting sling     |       |    38 ||    38
 Cast: Corona            |     5 |     1 ||     6
       Ensorcelled Hiber |    14 |    36 ||    50
       Confusing Touch   |       |     6 ||     6
       Tukima's Dance    |       |     1 ||     1
Evoke: Wand              |       |    10 ||    10
 Stab: Sleeping          |    11 |    31 ||    42
       Confused          |       |     1 ||     1
       Petrifying        |       |     1 ||     1
       Petrified         |       |     1 ||     1
       Paralysed         |       |     1 ||     1
Armor: Robe              |    11 |    17 ||    28
Dodge: Dodged            |    86 |   103 ||   189

Table legend: (Time is in decaauts)
 A = Elapsed time spent in this place.
 B = Non-inter-level travel time spent in this place.
 C = Inter-level travel time spent in this place.
 D = Time resting spent in this place.
 E = Time spent auto-exploring this place.
 F = Levels seen in this place.
 G = Mean time per level.
                   A        B        C        D        E       F      G
               +--------+--------+--------+--------+--------+-----+--------+
         Total |   4678 |   4503 |    175 |   1188 |   2319 |   5 |  935.6 |
       Dungeon |   4510 |   4348 |    162 |   1188 |   2171 |   4 | 1127.5 |
        Temple |    167 |    154 |     13 |      0 |    147 |   1 |  167.0 |
               +--------+--------+--------+--------+--------+-----+--------+

Top non-repeatable levels by time:
     D:2: 1603 daAuts
     D:3: 1439 daAuts
     D:1: 1409 daAuts
  Temple: 167 daAuts
     D:4: 57 daAuts
